AoeStats
← oMg

Lombardia

509252159Analyzed
3v3 RM · 20d ago on Sep 26, 2026· 48m 31s· 6 players
Game mode
Random Map
Map size
Normal (6 player)
Population
200
Speed
Normal
Resources
Standard
Victory
Conquest
Starting age
Dark Age
Ending age
Imperial Age
RankedLock teamsTeams togetherTeam positionsShared explorationLock speedFull tech treeHidden civsTurbo modeCheats
Victory
Defeat
🇦🇷 Khmer · Argentina
1246
+11
🇦🇷 Britons · Argentina
1160
+14
🇦🇷 Chinese · Argentina
1125
+16
vs
🇺🇸 Magyars · United States
1157
-15
🇺🇸 Danes · United States
1111
-13
🇺🇸 Georgians · United States
1099
-13
[Tps] Atila
0:43 Loom
13:36 Feudal Age
17:55 Castle Age
16:51 Double-Bit Axe
16:51 Horse Collar
20:06 Bow Saw
21:13 Wheelbarrow
21:33 Town Watch
27:38 Stone Mining
27:52 Heavy Plow
28:55 Hand Cart
33:07 Imperial Age
31:02 Caravan
32:03 Stone Shaft Mining
31:18 Gold Mining
31:49 Padded Archer Armor
31:40 Fletching
32:09 Masonry
32:21 Ballistics
34:55 Chemistry
34:26 Architecture
34:15 Leather Archer Armor
33:56 Bodkin Arrow
35:31 Ring Archer Armor
36:19 Two-Man Saw
35:36 Bracer
35:40 Heated Shot
36:27 Conscription
35:28 Elite Chu Ko Nu
37:10 Thumb Ring
38:53 Town Watch
47:43 Light Cavalry
48:34 Bloodlines
48:25 Husbandry
oMg
10:50 Feudal Age
11:40 Town Watch
14:30 Castle Age
13:22 Double-Bit Axe
14:04 Fletching
16:39 Loom
24:07 Bodkin Arrow
25:14 Crossbowman
27:28 Bow Saw
27:08 Horse Collar
31:39 Imperial Age
30:13 Wheelbarrow
31:59 Hand Cart
32:37 Ballistics
32:56 Arbalester
33:51 Bracer
36:22 Chemistry
38:40 Padded Archer Armor
39:05 Conscription
40:43 Leather Archer Armor
41:33 Elite Longbowman
[Tps] RamsasII
8:44 Loom
11:17 Feudal Age
12:40 Double-Bit Axe
12:36 Horse Collar
14:13 Wheelbarrow
17:28 Castle Age
15:32 Gold Mining
18:49 Bow Saw
20:05 Heavy Plow
20:21 Hand Cart
23:55 Town Watch
29:54 Imperial Age
27:51 Bloodlines
27:51 Scale Barding Armor
27:55 Stone Mining
28:33 Forging
28:29 Husbandry
29:27 Chain Barding Armor
31:04 Crop Rotation
31:14 Gold Shaft Mining
31:34 Plate Barding Armor
34:34 Stone Shaft Mining
33:49 Elite Battle Elephant
36:42 Conscription
36:29 Murder Holes
36:45 Masonry
36:41 Siege Engineers
37:39 Town Patrol
38:13 Tusk Swords
40:14 Light Cavalry
41:30 Iron Casting
41:05 Hussar
45:32 Blast Furnace
45:17 Fletching
45:49 Ballistics
46:01 Architecture
48:51 Bodkin Arrow
49:58 Chemistry
Rodent Born Out of Wedlock
5:24 Loom
12:05 Feudal Age
16:29 Castle Age
14:37 Double-Bit Axe
15:27 Horse Collar
15:56 Gold Mining
19:59 Bow Saw
24:51 Wheelbarrow
25:36 Scale Mail Armor
27:37 Gold Shaft Mining
27:15 Forging
27:43 Hand Cart
27:43 Heavy Plow
28:07 Fletching
30:36 Chain Mail Armor
31:03 Iron Casting
35:22 Imperial Age
36:02 Bodkin Arrow
36:08 Northmen's Fury
36:34 Onager
37:58 Siege Engineers
38:48 Siege Onager
Chicken_Naijeeri
10:38 Feudal Age
11:55 Double-Bit Axe
12:46 Horse Collar
20:31 Castle Age
22:33 Wheelbarrow
21:46 Loom
22:31 Heavy Plow
24:06 Stone Mining
24:08 Gold Mining
30:37 Murder Holes
30:53 Masonry
32:17 Corvinian Army
32:58 Light Cavalry
33:49 Bloodlines
35:17 Gold Shaft Mining
35:16 Caravan
36:16 Scale Barding Armor
36:02 Fletching
38:42 Chain Barding Armor
38:59 Husbandry
40:06 Ballistics
40:35 Hand Cart
40:38 Bow Saw
44:20 Imperial Age
43:10 Elite Skirmisher
43:50 Bodkin Arrow
43:55 Padded Archer Armor
45:40 Bracer
46:17 Crop Rotation
46:49 Hussar
john3206
11:48 Feudal Age
16:37 Castle Age
15:33 Double-Bit Axe
21:24 Bow Saw
24:20 Fortified Wall
24:05 Gold Mining
24:36 Loom
24:55 Town Watch
29:06 Wheelbarrow
29:32 Horse Collar
33:54 Imperial Age
32:47 Bloodlines
33:32 Forging
33:27 Scale Barding Armor
33:13 Fletching
33:11 Light Cavalry
33:52 Husbandry
34:50 Iron Casting
35:28 Conscription
35:39 Hand Cart
35:40 Elite Monaspa
39:21 Chain Barding Armor
40:01 Blast Furnace
38:57 Bodkin Arrow
38:36 Hussar
40:44 Svan Towers
41:42 Plate Barding Armor
Connection lost

Rejoining the realm…

Still unreachable

The connection could not be restored.

Session expired

The server has moved on; the page needs a fresh start.